 Dungeon Crawl Stone Soup version 0.23.0 (webtiles) character file.

Game seed: 6270308631126489840

66 gohu the Chopper (level 3, -2/31 HPs)
             Began as a Minotaur Fighter on Feb 10, 2019.
             Slain by an ogre
             ... wielding a +0 giant spiked club
              (10 damage)
             ... on level 4 of the Dungeon.
             The game lasted 00:04:41 (2294 turns).

gohu the Chopper (Minotaur Fighter)                 Turns: 2294, Time: 00:04:41

Health: -2/31      AC:  8    Str: 21    XL:     3   Next: 96%
Magic:  2/2        EV:  7    Int:  5    God:
Gold:   101        SH:  9    Dex:  9    Spells: 2/2 levels left

rFire    . . .     SeeInvis .   a - +0 war axe
rCold    . . .     Gourm    .   c - +0 shield
rNeg     . . .     Faith    .   b - +0 scale mail
rPois    .         Spirit   .   (helmet restricted)
rElec    .         Reflect  .   t - +0 cloak
rCorr    .         Harm     .   (no gloves)
MR       .....                  (no boots)
Stlth    ..........             (no amulet)
HPRegen  0.10/turn              (no ring)
MPRegen  0.08/turn              (no ring)

@: no status effects
A: retaliatory headbutt, horns 2
a: no special abilities


You were on level 4 of the Dungeon.
You were not hungry.

You visited 1 branch of the dungeon, and saw 5 of its levels.

You collected 101 gold pieces.

Inventory:

Hand Weapons
 a - a +0 war axe (weapon)
Armour
 b - a +0 scale mail (worn)
 c - a +0 shield (worn)
 t - a +0 cloak (worn)
Scrolls
 d - a scroll of teleportation {unknown}
 e - 2 scrolls of enchant weapon {unknown}
 g - 5 scrolls of identify {unknown}
 h - 2 scrolls of magic mapping {unknown}
 i - 2 scrolls of remove curse {unknown}
 k - a scroll of random uselessness {unknown}
 l - a scroll of enchant armour {unknown}
 n - a scroll of amnesia {unknown}
 q - a scroll of noise {unknown}
Potions
 j - 3 potions of berserk rage {unknown}
 m - a potion of haste {unknown}
 o - a potion of invisibility {unknown}
 p - a potion of cancellation {unknown}
 r - 2 potions of flight {unknown}
 s - 2 potions of mutation {unknown}
Comestibles
 f - 7 rations


   Skills:
 - Level 3.6 Fighting
 * Level 5.2 Axes
 - Level 3.6 Armour
 - Level 3.6 Shields


You had 2 spell levels left.
You didn't know any spells.
Your spell library was empty.

Dungeon Overview and Level Annotations

Branches:
Dungeon (5/15)
 Temple: D:4-7

Altars:

Annotations:
D:3 Grinder


Innate Abilities, Weirdness & Mutations

You reflexively headbutt those who attack you in melee.
You have a pair of horns on your head.


Message History

You see here a cloak.
t - a cloak Wear which item? (? for menu, Esc to quit)
You start putting on your armour.
You continue putting on your cloak. x4
You finish putting on your +0 cloak.
An ogre comes into view. It is wielding a +0 giant spiked club.
The ogre shouts!
Sorry, you're not good enough to have a special ability.
A hound comes into view.
The hound barks!
You hit the ogre.
The ogre is lightly wounded.
The ogre hits you with a +0 giant spiked club!!
Ouch! That really hurt!
* * * LOW HITPOINT WARNING * * *
Your shield and scale mail prevent you from hitting the ogre.
You headbutt the ogre!
The ogre is severely wounded.
The ogre hits you with a +0 giant spiked club!
You die...

#...#.#
#.###.# #.#
#.#
#.#####.###.#
#...........#
#######.#####
#.#
########.#
..h...O@.#
##########


You could see an ogre and a hound.

Vanquished Creatures
  2 adders
  A worm (D:2)
  A dart slug (D:2)
  6 orcs
  5 bats
  5 goblins
  A hobgoblin (D:1)
  3 jackals (D:2)
  3 frilled lizards
  5 kobolds
  A quokka skeleton (D:4)
  5 rats
38 creatures vanquished.

Notes
Turn   | Place    | Note
-------+----------+-------------------------------------------
     0 | D:1      | gohu the Minotaur Fighter began the quest for the Orb.
     0 | D:1      | Reached XP level 1. HP: 19/19 MP: 0/0
   114 | D:1      | Reached skill level 3 in Axes
   154 | D:1      | Reached XP level 2. HP: 26/26 MP: 1/1
   885 | D:2      | Reached skill level 4 in Axes
  1051 | D:2      | Reached XP level 3. HP: 31/31 MP: 2/2
  1557 | D:3      | Found a faded altar of an unknown god.
  1755 | D:3      | Noticed Grinder
  1770 | D:3      | Reached skill level 5 in Axes
  2196 | D:5      | Entered Level 5 of the Dungeon
  2291 | D:4      | Noticed an ogre
  2294 | D:4      | Slain by an ogre

Skill      XL: |  1  2  3 |
---------------+----------+-----
Axes           | 3 4 5 |  5.2
Fighting       | |  3.6
Armour         | |  3.6
Shields        | |  3.6

Action                   || total
-------------------------++-------
Melee: War axe           ||    95
       Headbutt          ||    15
  Use: Potion            ||     1
  Eat: Chunk             ||     4
Armor: Scale mail        ||    16
Dodge: Dodged            ||    30
Block: Shield            ||    41
